 Dungeon Crawl Stone Soup version 0.27.0-1-g7a089689b8 (webtiles) character file.

Game seed: 284066973741265545

119 Leeroy the Skirmisher (level 5, -3/41 HPs)
             Began as a Djinni Warper on Aug 5, 2021.
             Killed by nerve-wracking pain
             ... invoked by Jessica
              (11 damage)
             ... on level 3 of the Dungeon.
             The game lasted 00:03:29 (3362 turns).

Leeroy the Skirmisher (Djinni Warper)               Turns: 3362, Time: 00:03:29

Health: -3/41      AC:  4    Str: 16    XL:     5   Next: 24%
Gold:   114        EV: 12    Int: 15    God:
                   SH:  0    Dex: 19

rFire    + + .     SeeInvis .   f - +1 dagger (venom)
rCold    x . .     Faith    .   (no shield)
rNeg     . . .     Spirit   .   b - +0 leather armour
rPois    ∞         Reflect  .   n - +0 helmet
rElec    .         Harm     .   (no cloak)
rCorr    .         Rampage  .   (no gloves)
Will     .....                  (boots unavailable)
Stlth    +.........             (no amulet)
HPRegen  0.13/turn              i - +6 ring of dexterity
MPRegen  0.00/turn              j - +6 ring of strength

@: flying
A: sickness immunity, fire resistance 2, cold vulnerability 1, float, innate
caster, hp casting, extra vitality 1
a: no special abilities


You were on level 3 of the Dungeon.
You visited 1 branch of the dungeon, and saw 3 of its levels.

You collected 114 gold pieces.

Inventory:

Hand Weapons
 a - a +0 falchion
 f - a +1 dagger of venom (weapon)
 h - a +1 vorpal hand axe
 o - a +0 rapier
Missiles
 d - 5 boomerangs of dispersal (quivered)
Armour
 b - a +0 leather armour (worn)
 n - a +0 helmet (worn)
Jewellery
 i - a +6 ring of dexterity (left hand)
 j - a +6 ring of strength (right hand)
Scrolls
 c - a scroll of blinking
 e - a scroll of acquirement {unknown}
 g - a scroll of fog {unknown}
 k - 2 scrolls of identify {unknown}
 l - 2 scrolls of noise {unknown}
 m - a scroll of summoning {unknown}


   Skills:
 - Level 4.0 Fighting
 - Level 2.4 Long Blades
 - Level 0.7 Throwing
 - Level 1.0 Armour
 - Level 2.1 Dodging
 + Level 3.0 Spellcasting


You couldn't memorise any spells.
You knew the following spells:

 Your Spells              Type           Power      Damage    Failure   Level
a - Blink                 Tloc           N/A        N/A       11%         2
b - Lesser Beckoning      Tloc           5%         N/A       22%         3
c - Gell's Gravitas       Tloc           5%         N/A       22%         3
d - Teleport Other        Tloc           11%        N/A       22%         3
e - Manifold Assault      Tloc           11%        N/A       89%         5
f - Apportation           Tloc           22%        N/A       7%          1
g - Ensorcelled Hibernat  Hex/Ice        22%        N/A       11%         2
Your spell library was empty.

Dungeon Overview and Level Annotations

Branches:
Dungeon (3/15)

Altars:

Shops:
D:2 [

Annotations:
D:3 Jessica


Innate Abilities, Weirdness & Mutations

You are immune to sickness and miasma.
You are immune to poison.
Your flesh is very heat resistant. (rF++)
You are vulnerable to cold. (rC-)
You float through the air rather than walking.
You learn spells naturally, not from books.
Your magical power is your life essence.
You have superior vitality. (+4 HP)


Message History

You barely miss the kobold. The kobold closely misses you.
You hit the kobold but do no damage.
The kobold is poisoned.
The kobold hits you but does no damage.
You barely miss the kobold. The kobold barely misses you.
You hit the kobold.
You kill the kobold!
Items here: ( )) ††.
You see here a frilled lizard corpse.
Jessica the Apprentice Sorceress comes into view.
She is wielding a +0 club.
Jessica is nearby!
Jessica is nearby!
Jessica shouts!
Found a stone staircase leading down.
You closely miss Jessica. Jessica casts a spell at you.
Pain shoots through your body!
You hit Jessica.
Jessica is poisoned.
Jessica is lightly wounded.
Jessica hits you but does no damage.
You barely miss Jessica.
Jessica is lightly wounded.
Jessica gestures at you while chanting. Pain shoots through your body!
You are too injured to fight recklessly!
You are too injured to fight recklessly!
You are too injured to fight recklessly!
You are too injured to fight recklessly!
You barely miss Jessica.
Jessica is moderately wounded.
Jessica hits you with a +0 club.
You hit Jessica.
Jessica looks even sicker.
Jessica is heavily wounded.
Jessica hits you with a +0 club.
* * * LOW HITPOINT WARNING * * *
Cast which spell? (? or * to list)
You blink.
* * * LOW HITPOINT WARNING * * *
Jessica points at you and mumbles some strange words.
Pain shoots through your body!
You die...

#........†...#######
######.......)..####
#..#######..... #..#
###### ##..## #
###....# # #...##.#
#.### .# ##@# .#
####### #..# ..
.......# #.## .
........ #§#
.......# #@# #######
#.# #. #.# #.# ##
#.# #...####. #.#
#.†.†..


You could see Jessica (very poisoned).

Vanquished Creatures
  4 adders
  A worm (D:2)
  2 dart slugs (D:1)
  6 ball pythons
  9 endoplasms
  4 giant cockroaches
  12 goblins
  4 hobgoblins
  9 jackals
  3 quokkas
  A bat (D:1)
  4 frilled lizards
  5 kobolds
  6 rats
70 creatures vanquished.

Notes
Turn   | Place    | Note
-------+----------+-------------------------------------------
     0 | D:1      | Leeroy the Djinni Warper began the quest for the Orb.
     0 | D:1      | Reached XP level 1. HP: 18/18 MP: 0/0
   180 | D:1      | Reached XP level 2. HP: 23/23 MP: 0/0
   454 | D:1      | Reached XP level 3. HP: 10/29 MP: 0/0
   454 | D:1      | Learned a level 1 spell: Apportation
  1117 | D:1      | Reached skill level 3 in Fighting
  1129 | D:1      | Found a faded altar of an unknown god.
  2027 | D:2      | Reached XP level 4. HP: 35/35 MP: 0/0
  2266 | D:2      | Reached skill level 4 in Fighting
  2580 | D:2      | Found Amow's Armour Emporium.
  2908 | D:3      | Reached XP level 5. HP: 26/41 MP: 0/0
  2908 | D:3      | Learned a level 2 spell: Ensorcelled Hibernation
  3353 | D:3      | Noticed Jessica
  3362 | D:3      | Killed from afar by Jessica

Illustrated notes

Levels and vault maps discovered:
D:1:      dpeg_arrival_round_a, layout_rooms,
          shapermc_ecumenical_altar_acropolis, minmay_tree_intersection
D:2:      layout_basic, serial_shops, nicolae_shop_trees, chequers_mini_garden,
          minmay_goblin_outpost
D:3:      layout_rooms, uniq_jessica

Skill      XL: |  1  2  3  4  5 |
---------------+----------------+-----
Long Blades    | 2 |  2.4
Fighting       | 3 4 |  4.0
Spellcasting   | 3 |  3.0
Throwing       | |  0.7
Armour         | |  1.0
Dodging        | |  2.1

Action                   |  1- 3 |  4- 6 || total
-------------------------+-------+-------++-------
Melee: Falchion          |    16 |       ||    16
       Dagger            |    90 |    95 ||   185
 Cast: Blink             |       |     1 ||     1
 Stab: Sleeping          |       |     1 ||     1
Armor: Leather armour    |    18 |    23 ||    41
Dodge: Dodged            |    64 |    60 ||   124
       Rpst.: Falchion   |     1 |       ||     1
